 Dungeon Crawl Stone Soup version 0.29.0-4-gdea44cf6ec (webtiles) character file.

Game seed: 18195997497286866807

5 Woods the Grave Robber (level 1, -1/13 HPs)
             Began as a Demonspawn Necromancer on Aug 28, 2022.
             Slain by a kobold
             ... wielding a +0 dagger
              (2 damage)
             ... on level 1 of the Dungeon.
             The game lasted 00:01:14 (476 turns).

Woods the Grave Robber (Demonspawn Necromancer)      Turns: 476, Time: 00:01:14

Health: -1/13      AC:  2    Str:  8    XL:     1   Next: 66%
Magic:  0/3        EV: 12    Int: 16    God:
Gold:   0          SH:  0    Dex: 13    Spells: 3/4 levels left

rFire   . . .      SeeInvis .   (no weapon)
rCold   . . .      Faith    .   (no shield)
rNeg    . . .      Spirit   .   a - +0 robe
rPois   .          Reflect  .   (no helmet)
rElec   .          Harm     .   (no cloak)
rCorr   .          Rampage  .   (no gloves)
Will    .....                   (no boots)
Stlth   ++........              (no amulet)
HPRegen 0.04/turn               (no ring)
MPRegen 0.08/turn               (no ring)

@: no status effects
A: no striking features
a: no special abilities


You were on level 1 of the Dungeon.
You visited 1 branch of the dungeon, and saw 1 of its levels.

Inventory:

Armour
 a - a +0 robe (worn)
Scrolls
 c - a scroll of identify {unknown}
Potions
 b - a potion of magic


   Skills:
 + Level 1.9 Dodging
 + Level 1.9 Stealth
 + Level 2.1 Spellcasting
 + Level 4.4 Necromancy


You had 3 spell levels left.
You knew the following spells:

 Your Spells              Type           Power      Damage    Failure   Level
a - Necrotise             Necr           64%        1d7       3%          1

Your spell library contained the following spells:

 Spells                   Type           Power      Damage    Failure   Level
 Vampiric Draining        Necr           16%        2d7       10%         3
 Animate Dead             Necr           16%        N/A       32%         4
 Agony                    Necr           16%        N/A       65%         5


Dungeon Overview and Level Annotations

Branches:
Dungeon (1/15)

Altars:


Message History

Unknown command.
You don't have enough magic to cast this spell.
You don't have enough magic to cast this spell.
You barely miss the kobold. The kobold misses you.
You closely miss the kobold. The kobold hits you with a +0 dagger.
You hit the kobold but do no damage. The kobold misses you.
Your rat skeleton barely misses the kobold.
You hit the kobold but do no damage. The kobold hits you with a +0 dagger.
You barely miss the kobold.
Your rat skeleton bites the kobold.
The kobold misses you.
You closely miss the kobold.
The kobold is moderately wounded.
Your rat skeleton completely misses the kobold.
The kobold hits you with a +0 dagger.
You barely miss the kobold.
Your rat skeleton bites the kobold but does no damage.
The kobold barely misses you.
You miss the kobold. The kobold misses you.
Your rat skeleton barely misses the kobold.
You closely miss the kobold. The kobold hits you with a +0 dagger.
Aiming: Necrotise (safe; 3% risk of failure)
Press: ? - help, Q - select action Shift-Dir - straight line, f/p - kobold
Aim: a kobold, wielding a +0 dagger (ally target, chance to affect: 86%)
The kobold writhes in agony.
Your rat skeleton bites the kobold but does no damage.
The kobold hits you with a +0 dagger.
Your rat skeleton closely misses the kobold.
The kobold hits you but does no damage. The kobold hits you with a +0 dagger.
* * * LOW HITPOINT WARNING * * *
You hit the kobold but do no damage.
The kobold is moderately wounded.
Your rat skeleton barely misses the kobold.
The kobold hits you with a +0 dagger.
* * * LOW HITPOINT WARNING * * *
Your rat skeleton bites the kobold but does no damage.
You hit the kobold but do no damage.
The kobold is moderately wounded.
The kobold hits you with a +0 dagger.
You die...

#.###.##
#.#
#.##...#
#.#
.......#
#.#
#.##...#
#.#
#.######
#.# #.#
#.# #.#
#.# #.#
#.#####
#.#
#...@.#
#.#
#####K#
#Z# #.#
#.#
#...#
#._.#
#...#
#...#


You could see a kobold (ally target) and a friendly rat skeleton.

Vanquished Creatures
  3 jackals (D:1)
  A bat (D:1)
  A rat (D:1)
5 creatures vanquished.

Notes
Turn   | Place    | Note
-------+----------+-------------------------------------------
     0 | D:1      | Woods the Demonspawn Necromancer began the quest for the
                  | Orb.
     0 | D:1      | Reached XP level 1. HP: 13/13 MP: 3/3
   451 | D:1      | Found a faded altar of an unknown god.
   476 | D:1      | Slain by a kobold

Illustrated notes

Levels and vault maps discovered:
D:1:      amcnicky_arrival_blooded_trapdoor, layout_loops_ring,
          basic_ecumenical_altar

Action                   || total
-------------------------++-------
Melee: Unarmed           ||    35
 Cast: Necrotise         ||    11
Armor: Robe              ||     8
Dodge: Dodged            ||    31
